EL
READING FIGHTIN PHILS @ MISSISSIPPI BRAVES
09/18/2048
 
TOP OF THE 1ST
Reading Fightin Phils batting - Pitching for Mississippi Braves : RHP Ryan DeMille
Pitching: RHP Ryan DeMille
Batting: RHB Tony Perez 0-0: Foul Ball, location: 2F
0-1: Foul Ball, location: 2F
0-2: Strikes out looking
Batting: RHB Chris Myers 0-0: Called Strike
0-1: Fly out, F7 (Flyball, 7LS, EV 96.9 MPH)
Batting: RHB Alan Weller 0-0: Called Strike
0-1: Swinging Strike
0-2: TRIPLE (Flyball, 9D, EV 95.0 MPH)
Batting: RHB Guan-pei Gao 0-0: Foul Ball, location: 2F
0-1: Ball
1-1: Called Strike
1-2: Strikes out swinging
Top of the 1st over - 0 runs, 1 hit, 0 errors, 1 left on base; Reading 0 - Mississippi 0
BOTTOM OF THE 1ST
Mississippi Braves batting - Pitching for Reading Fightin Phils : RHP Jeremy Trotter
Pitching: RHP Jeremy Trotter
Batting: RHB Luis Restrepo 0-0: SINGLE (Groundball, 34S, EV 63.1 MPH) (infield hit)
Batting: RHB Zheng-ze King 0-0: Called Strike
Luis Restrepo steals 2nd base
0-1: Ball
1-1: Fly out, F9 (Flyball, 89S, EV 84.4 MPH)
Batting: LHB Art D'Ascenzo 0-0: Called Strike
0-1: Ball
1-1: Called Strike
1-2: SINGLE (Line Drive, 7S, EV 107.5 MPH)
Luis Restrepo to third
Batting: RHB Tim Molchan 0-0: Swinging Strike
0-1: Fly out, F7 (Line Drive, 7S, EV 88.8 MPH)
Runner from 3rd tags up, SCORES, throw by LF
Batting: LHB Sal Fernandez 0-0: Ball
1-0: Foul Ball, location: 2F
1-1: Swinging Strike
1-2: Fly out, F9 (Line Drive, 89S, EV 100.0 MPH)
Bottom of the 1st over - 1 run, 2 hits, 0 errors, 1 left on base; Reading 0 - Mississippi 1
TOP OF THE 2ND
Reading Fightin Phils batting - Pitching for Mississippi Braves : RHP Ryan DeMille
Batting: RHB Pablo Lopez 0-0: Ball
1-0: Ball
2-0: Ball
3-0: Called Strike
3-1: Fly out, F8 (Line Drive, 8LM, EV 88.8 MPH)
Batting: LHB Alex Fernandez 0-0: Ball
1-0: Reached on error, E4 (Groundball, 4, EV 107.5 MPH)
Batting: LHB Danny Zuniga 0-0: Ball
1-0: Foul Ball, location: 2F
1-1: Ball
2-1: Hit by Pitch
Alex Fernandez to second
Batting: LHB Doug Frampton 0-0: Called Strike
Alex Fernandez is caught stealing 3rd base 2-5
0-1: Ball
1-1: Called Strike
1-2: Foul Ball, location: 2F
1-2: Foul Ball, location: 2F
1-2: Ball
2-2: Strikes out swinging
Top of the 2nd over - 0 runs, 0 hits, 1 error, 1 left on base; Reading 0 - Mississippi 1
BOTTOM OF THE 2ND
Mississippi Braves batting - Pitching for Reading Fightin Phils : RHP Jeremy Trotter
Batting: RHB Yojiro Hayashi 0-0: SINGLE (Line Drive, 6M, EV 103.1 MPH)
Batting: RHB Jose Ramos 0-0: Ball
1-0: Ball
2-0: Swinging Strike
2-1: Foul Ball, location: 2F
2-2: Foul Ball, location: 2F
2-2: Reached on error, E6 (Groundball, 6, EV 81.2 MPH)
Yojiro Hayashi to second
Batting: LHB Cesar Arteaga 0-0: Foul Ball, location: 2F
0-1: Foul Ball, location: 2F
0-2: Ball
1-2: Foul Ball, location: 2F
1-2: Ball
2-2: Grounds into double play, 4-6-3 (Groundball, 4S, EV 90.0 MPH)
Yojiro Hayashi to third
Batting: RHB Adrian Billups 0-0: Ball
1-0: Ball
2-0: Foul Ball, location: 2F
2-1: Ground out 4-3 (Groundball, 4, EV 98.8 MPH)
Bottom of the 2nd over - 0 runs, 1 hit, 1 error, 1 left on base; Reading 0 - Mississippi 1
TOP OF THE 3RD
Reading Fightin Phils batting - Pitching for Mississippi Braves : RHP Ryan DeMille
Batting: RHB Prabhukumar Santhanakrishnan 0-0: Ground out 5-3 (Groundball, 5, EV 81.9 MPH)
Batting: RHB Tony Perez 0-0: Called Strike
0-1: Ball
1-1: Called Strike
1-2: Ball
2-2: Strikes out looking
Batting: RHB Chris Myers 0-0: Ball
1-0: Ball
2-0: Called Strike
2-1: Swinging Strike
2-2: Ball
3-2: Fly out, F6 (Flyball, 56D, EV 83.8 MPH)
Top of the 3rd over - 0 runs, 0 hits, 0 errors, 0 left on base; Reading 0 - Mississippi 1
BOTTOM OF THE 3RD
Mississippi Braves batting - Pitching for Reading Fightin Phils : RHP Jeremy Trotter
Batting: RHB Luis Restrepo 0-0: Called Strike
0-1: SINGLE (Line Drive, 9LM, EV 90.0 MPH)
Batting: RHB Zheng-ze King 0-0: Ball
1-0: Ground out 5-3 (Groundball, 5S, EV 75.0 MPH)
Luis Restrepo to second
Batting: LHB Art D'Ascenzo 0-0: Foul Ball, location: 2F
0-1: Foul Ball, location: 2F
0-2: Ground out 4-3 (Groundball, 4, EV 100.0 MPH)
Luis Restrepo to third
Batting: RHB Tim Molchan 0-0: Ball
1-0: Called Strike
1-1: Ground out 5-3 (Groundball, 56, EV 83.8 MPH)
Bottom of the 3rd over - 0 runs, 1 hit, 0 errors, 1 left on base; Reading 0 - Mississippi 1
TOP OF THE 4TH
Reading Fightin Phils batting - Pitching for Mississippi Braves : RHP Ryan DeMille
Batting: RHB Alan Weller 0-0: Ball
1-0: Foul Ball, location: 2F
1-1: Swinging Strike
1-2: Strikes out swinging
Batting: RHB Guan-pei Gao 0-0: Fly out, F8 (Line Drive, 8RM, EV 93.8 MPH)
Batting: RHB Pablo Lopez 0-0: Ball
1-0: Fly out, F7 (Line Drive, 7, EV 90.6 MPH)
Top of the 4th over - 0 runs, 0 hits, 0 errors, 0 left on base; Reading 0 - Mississippi 1
BOTTOM OF THE 4TH
Mississippi Braves batting - Pitching for Reading Fightin Phils : RHP Jeremy Trotter
Batting: LHB Sal Fernandez 0-0: Ball
1-0: SINGLE (Line Drive, 6D, EV 98.1 MPH)
Batting: RHB Yojiro Hayashi 0-0: Ball
Pickoff Play to 1st, Runner tries for 2nd, OUT after rundown.
1-0: Fly out, F9 (Flyball, 89M, EV 90.6 MPH)
Batting: RHB Jose Ramos 0-0: Called Strike
0-1: Foul Ball, location: 2F
0-2: Foul Ball, location: 2F
0-2: Fly out, F8 (Line Drive, 8RM, EV 105.6 MPH)
Bottom of the 4th over - 0 runs, 1 hit, 0 errors, 0 left on base; Reading 0 - Mississippi 1
TOP OF THE 5TH
Reading Fightin Phils batting - Pitching for Mississippi Braves : RHP Ryan DeMille
Batting: LHB Alex Fernandez 0-0: Ball
1-0: Ground out 6-3 (Groundball, 6, EV 106.2 MPH)
Batting: LHB Danny Zuniga 0-0: Ball
1-0: Ball
2-0: Foul Ball, location: 2F
2-1: Foul Ball, location: 2F
2-2: Ball
3-2: Ground out 4-3 (Groundball, 4, EV 108.8 MPH)
Batting: LHB Doug Frampton 0-0: Called Strike
0-1: Ball
1-1: Foul Ball, location: 2F
1-2: Foul Ball, location: 2F
1-2: Foul Ball, location: 2F
1-2: Ball
2-2: Ball
3-2: Base on Balls
Batting: RHB Prabhukumar Santhanakrishnan 0-0: Fly out, F9 (Line Drive, 89M, EV 95.6 MPH)
Top of the 5th over - 0 runs, 0 hits, 0 errors, 1 left on base; Reading 0 - Mississippi 1
BOTTOM OF THE 5TH
Mississippi Braves batting - Pitching for Reading Fightin Phils : RHP Jeremy Trotter
Batting: LHB Cesar Arteaga 0-0: Ball
1-0: Foul Ball, location: 2F
1-1: Ball
2-1: Fly out, F8 (Flyball, 8RM, EV 88.1 MPH)
Batting: RHB Adrian Billups 0-0: Called Strike
0-1: Ball
1-1: Ball
2-1: Ground out 6-3 (Groundball, 6, EV 76.9 MPH)
Batting: RHB Luis Restrepo 0-0: Called Strike
0-1: Ball
1-1: Foul Ball, location: 2F
1-2: Foul Ball, location: 2F
1-2: Ground out 1-3 (Groundball, P, EV 70.6 MPH)
Bottom of the 5th over - 0 runs, 0 hits, 0 errors, 0 left on base; Reading 0 - Mississippi 1
TOP OF THE 6TH
Reading Fightin Phils batting - Pitching for Mississippi Braves : RHP Ryan DeMille
Batting: RHB Tony Perez 0-0: Ball
1-0: Foul Ball, location: 2F
1-1: Ball
2-1: Ball
3-1: SINGLE (Groundball, 6MS, EV 62.5 MPH) (infield hit)
Batting: RHB Chris Myers 0-0: Called Strike
Tony Perez steals 2nd base
0-1: SINGLE (Groundball, 4S, EV 70.0 MPH) (infield hit)
Tony Perez to third
Batting: RHB Alan Weller 0-0: Fly out, F4 (Popup, 4M, EV 75.6 MPH)
Batting: RHB Guan-pei Gao 0-0: Ball
1-0: Ball
2-0: Ball
3-0: Called Strike
3-1: DOUBLE (Groundball, 5L, EV 95.6 MPH)
Tony Perez scores
Chris Myers to third
Batting: RHB Pablo Lopez 0-0: Ball
1-0: Swinging Strike
1-1: DOUBLE (Line Drive, 3D, EV 93.8 MPH)
Chris Myers scores
Guan-pei Gao scores
Batting: LHB Alex Fernandez 0-0: Foul Ball, location: 2F
0-1: SINGLE (Line Drive, 8LS, EV 91.9 MPH)
Pablo Lopez to third
Batting: LHB Danny Zuniga 0-0: Called Strike
0-1: Ball
Pickoff Throw by Catcher to First - Out!
1-1: Fly out, F6 (Popup, 6M, EV 55.0 MPH)
Top of the 6th over - 3 runs, 5 hits, 0 errors, 1 left on base; Reading 3 - Mississippi 1
BOTTOM OF THE 6TH
Mississippi Braves batting - Pitching for Reading Fightin Phils : RHP Jeremy Trotter
Batting: RHB Zheng-ze King 0-0: Swinging Strike
0-1: Called Strike
0-2: Ball
1-2: Ground out 5-3 (Groundball, P, EV 95.0 MPH)
Batting: LHB Art D'Ascenzo 0-0: Ball
1-0: Ground out 4-3 (Groundball, 4, EV 92.5 MPH)
Batting: RHB Tim Molchan 0-0: Ball
1-0: Swinging Strike
1-1: Fly out, F7 (Flyball, 7, EV 89.4 MPH)
Bottom of the 6th over - 0 runs, 0 hits, 0 errors, 0 left on base; Reading 3 - Mississippi 1
TOP OF THE 7TH
Reading Fightin Phils batting - Pitching for Mississippi Braves : RHP Ryan DeMille
Batting: LHB Doug Frampton 0-0: Called Strike
0-1: Called Strike
0-2: Ball
1-2: Strikes out swinging
Pitching: LHP Steve Young
Batting: RHB Prabhukumar Santhanakrishnan 0-0: Called Strike
0-1: Ball
1-1: Foul Ball, location: 2F
1-2: Strikes out swinging
Batting: RHB Tony Perez 0-0: Foul Ball, location: 2F
0-1: Called Strike
0-2: Ball
1-2: Ball
2-2: Ball
3-2: Foul Ball, location: 2F
3-2: Foul Ball, location: 2F
3-2: Foul Ball, location: 2F
3-2: Base on Balls
Batting: RHB Chris Myers 0-0: Ball
1-0: Swinging Strike
1-1: Ball
2-1: Fly out, F7 (Flyball, 7S, EV 94.4 MPH)
Top of the 7th over - 0 runs, 0 hits, 0 errors, 1 left on base; Reading 3 - Mississippi 1
BOTTOM OF THE 7TH
Mississippi Braves batting - Pitching for Reading Fightin Phils : RHP Jeremy Trotter
Batting: LHB Sal Fernandez 0-0: Ball
1-0: Ball
2-0: Called Strike
2-1: Called Strike
2-2: Ball
3-2: Foul Ball, location: 2F
3-2: Foul Ball, location: 2F
3-2: SINGLE (Groundball, 4D, EV 98.1 MPH)
Batting: RHB Yojiro Hayashi 0-0: Ball
1-0: Ball
2-0: Ball
3-0: Foul Ball, location: 2F
3-1: Base on Balls
Sal Fernandez to second
Batting: RHB Jose Ramos 0-0: Ball
1-0: Ball
2-0: Foul Ball, location: 2F
2-1: Foul Ball, location: 2F
2-2: Ball
3-2: Grounds into double play, 6-4-3 (Groundball, 6S, EV 88.1 MPH)
Sal Fernandez to third
Pitching: LHP Chris Burch
Batting: RHB Hieronim Rutkowski 0-0: Foul Ball, location: 2F
0-1: Called Strike
0-2: Ground out 4-3 (Groundball, 4, EV 81.9 MPH)
Bottom of the 7th over - 0 runs, 1 hit, 0 errors, 1 left on base; Reading 3 - Mississippi 1
TOP OF THE 8TH
Reading Fightin Phils batting - Pitching for Mississippi Braves : LHP Steve Young
Pitching: RHP Kevin Zika
Batting: RHB Alan Weller 0-0: SINGLE (Line Drive, 9S, EV 103.8 MPH)
Batting: RHB Guan-pei Gao 0-0: Fly out, F9 (Flyball, 9, EV 74.4 MPH)
Batting: RHB Pablo Lopez 0-0: Called Strike
0-1: Called Strike
Alan Weller steals 2nd base
0-2: Ball
1-2: Fly out, F8 (Flyball, 8RXD, EV 103.1 MPH)
Runner from 2nd tags up, SAFE at 3rd, no throw by CF
Pitching: RHP Gordon Cushing
Batting: LHB Alex Fernandez 0-0: Ball
1-0: Ground out 4-3 (Groundball, 4, EV 78.8 MPH)
Top of the 8th over - 0 runs, 1 hit, 0 errors, 1 left on base; Reading 3 - Mississippi 1
BOTTOM OF THE 8TH
Mississippi Braves batting - Pitching for Reading Fightin Phils : LHP Chris Burch
Pitching: LHP Eddie San Miguel
Batting: RHB Adrian Billups 0-0: Foul Ball, location: 2F
0-1: Ground out U3 (Groundball, 3, EV 78.8 MPH)
Batting: RHB Luis Restrepo 0-0: Foul Ball, location: 2F
0-1: Foul Ball, location: 2F
0-2: Ball
1-2: Ground out U3 (Groundball, 34, EV 108.8 MPH)
Batting: RHB Zheng-ze King 0-0: Ball
1-0: Ball
2-0: Ball
3-0: Called Strike
3-1: Swinging Strike
3-2: TRIPLE (Line Drive, 89XD, EV 107.5 MPH)
Batting: LHB Art D'Ascenzo 0-0: Foul Ball, location: 2F
0-1: Ball
1-1: 2-RUN HOME RUN (Flyball, 9D, EV 103.1 MPH), Distance : 377 ft
Batting: RHB Tim Molchan 0-0: SINGLE (Groundball, 25, EV 72.5 MPH) (infield hit)
Batting: LHB Sal Fernandez 0-0: Foul Ball, location: 2F
0-1: Ball
1-1: Ball
2-1: Foul Ball, location: 2F
2-2: Strikes out swinging
Bottom of the 8th over - 2 runs, 3 hits, 0 errors, 1 left on base; Reading 3 - Mississippi 3
TOP OF THE 9TH
Reading Fightin Phils batting - Pitching for Mississippi Braves : RHP Gordon Cushing
Batting: LHB Danny Zuniga 0-0: Foul Ball, location: 2F
0-1: Ball
1-1: Ball
2-1: Foul Ball, location: 2F
2-2: Ground out 6-3 (Groundball, 6M, EV 85.0 MPH)
Batting: LHB Doug Frampton 0-0: Foul Ball, location: 2F
0-1: Ball
1-1: Ball
2-1: Called Strike
2-2: Strikes out swinging
Batting: RHB Prabhukumar Santhanakrishnan 0-0: Called Strike
0-1: Swinging Strike
0-2: Ball
1-2: Foul Ball, location: 2F
1-2: Ball
2-2: Foul Ball, location: 2F
2-2: Foul Ball, location: 2F
2-2: Strikes out swinging
Top of the 9th over - 0 runs, 0 hits, 0 errors, 0 left on base; Reading 3 - Mississippi 3
BOTTOM OF THE 9TH
Mississippi Braves batting - Pitching for Reading Fightin Phils : LHP Eddie San Miguel
Pitching: RHP Jeremy Mitchem
Batting: RHB Yojiro Hayashi 0-0: Ball
1-0: Called Strike
1-1: Ground out 5-3 (Groundball, 56S, EV 91.2 MPH)
Batting: RHB Jose Ramos 0-0: Ball
1-0: Foul Ball, location: 2F
1-1: Called Strike
1-2: SINGLE (Flyball, 34D, EV 86.2 MPH)
Batting: RHB Hieronim Rutkowski 0-0: Called Strike
0-1: Swinging Strike
0-2: Ball
1-2: DOUBLE (Groundball, 5D, EV 103.1 MPH)
Jose Ramos to third
Pinch Hitting: SHB Jose Melendez 0-0: Foul Ball, location: 2F
0-1: Swinging Strike
0-2: Ball
1-2: Foul Ball, location: 2F
1-2: Strikes out swinging
Batting: RHB Luis Restrepo 0-0: Called Strike
0-1: Ball
1-1: SINGLE (Groundball, 4S, EV 68.8 MPH) (infield hit)
Jose Ramos scores
Bottom of the 9th over - 1 run, 3 hits, 0 errors, 2 left on base; Reading 3 - Mississippi 4
Tuesday, March 28th , 2023 - OOTP Baseball 23.10 Build 110